 Dungeon Crawl Stone Soup version 0.24.0-29-g8ce449bc06 (webtiles) character file.

Game seed: 17913940374544947253, levelgen mode: deterministic

2362 Emblim88 the Ducker (level 9, -1/81 HPs)
             Began as a Deep Dwarf Gladiator on Nov 14, 2019.
             Was an Initiate of Ru.
             Splashed by a jelly's acid (4 damage)
             ... on level 8 of the Dungeon.
             The game lasted 00:21:50 (5752 turns).

Emblim88 the Ducker (Deep Dwarf Gladiator)          Turns: 5752, Time: 00:21:50

Health: -1/81      AC: -23   Str: 20    XL:     9   Next: 21%
Magic:  16/16 (7)  EV: 11    Int:  8    God:    Ru [......]
Gold:   230        SH: 10    Dex: 16    Spells: 8/8 levels left

rFire    . . .     SeeInvis .   i - +3 hand axe
rCold    . . .     Gourm    .   D - +0 shield
rNeg     . . .     Faith    .   C - +0 chain mail
rPois    .         Spirit   .   c - +0 helmet
rElec    .         Reflect  .   F - +0 cloak
rCorr    .         Harm     .   H - +2 pair of gloves
MR       +++..                  (no boots)
Stlth    ..........             z - amulet of the acrobat
HPRegen  0.00/turn              p - ring of magical power
MPRegen  0.15/turn              x - ring of flight

@: corroded, non-regenerating
A: damage resistance, heal wounds, repulsion field 1, magic resistance 2, sense
surroundings 2, no stealth, no regeneration
a: Heal Wounds, Renounce Religion, Evoke Flight


You were on level 8 of the Dungeon.
You worshipped Ru.
Ru was noncommittal.
You were near starving.

You visited 1 branch of the dungeon, and saw 8 of its levels.

You collected 342 gold pieces.
You spent 112 gold pieces at shops.

Inventory:

Hand Weapons
 a - a +0 war axe
 i - a +3 hand axe (weapon)
 k - a +1 dagger of electrocution
 n - a +2 dagger of speed
 v - a +1 scythe of venom
 E - a +2 quarterstaff of chaos
Missiles
 d - 3 throwing nets (quivered)
 j - 42 poisoned darts
 s - 3 atropa-tipped darts
Armour
 c - a +0 helmet (worn)
 C - a +0 chain mail (worn)
 D - a +0 shield (worn)
 F - a +0 cloak (worn)
 H - a +2 pair of gloves (worn)
Jewellery
 p - a ring of magical power (left hand)
 x - a ring of flight (right hand)
 z - an amulet of the acrobat (around neck)
 J - an uncursed ring of magical power
Wands
 G - a wand of random effects (11)
Scrolls
 b - 4 scrolls of amnesia
 e - a scroll of acquirement {unknown}
 l - 6 scrolls of teleportation
 q - a scroll of blinking {unknown}
 w - a scroll of enchant weapon
 y - a scroll of enchant armour
 A - a scroll of summoning {unknown}
 K - 2 scrolls of identify
Potions
 g - a potion of degeneration
 h - 4 potions of lignification
 m - 2 potions of curing
 o - 3 potions of berserk rage
 r - a potion of flight
 t - a potion of mutation
 u - a potion of invisibility
 B - a potion of might
 I - 2 potions of haste
Comestibles
 f - 6 rations


   Skills:
 + Level 5.4 Fighting
 + Level 6.8 Axes
 - Level 2.3 Throwing
 + Level 6.1 Armour
 + Level 7.0 Dodging
 + Level 3.7 Shields
 * Level 3.5 Evocations


You had 8 spell levels left.
You didn't know any spells.
Your spell library was empty.

Dungeon Overview and Level Annotations

Branches:
Dungeon (8/15)             Temple (0/1) D:7
   Lair: D:8-11

Altars:
Ashenzari
Cheibriados
Elyvilon
Hepliaklqana
Kikubaaqudgha
Qazlal
Ru
Sif Muna
Trog
Xom
Yredelemnul
Zin

Shops:
D:4 =   D:5 ?(*[[


Innate Abilities, Weirdness & Mutations

You are resistant to damage.
You can heal yourself by infusing magical energy.
You passively map the area around you.
You cannot be stealthy.
You do not regenerate.
You are surrounded by a mild repulsion field. (EV +2)
You are highly resistant to hostile enchantments. (MR++)


Message History

You feel much better. You block the jelly's attack.
You hit the jelly but do no damage.
Your hands burn!
The jelly is almost dead.
The jelly hits you.
* * * LOW HITPOINT WARNING * * *
The acid corrodes you!
You are splashed with acid!
* * * LOW HITPOINT WARNING * * *
You hit the jelly but do no damage.
Your hands burn!
The jelly is almost dead.
The jelly closely misses you.
You fail to use your ability.
The jelly hits you.
You are splashed with acid!
* * * LOW HITPOINT WARNING * * *
You hit the jelly but do no damage.
Your hands burn!
* * * LOW HITPOINT WARNING * * *
The jelly is almost dead.
The jelly completely misses you.
You fail to use your ability.
You are near starving!
The jelly hits you.
You are splashed with acid!
You die...

**###* ,.>. ,, #.#
* ###### * #.###*
###....## , ....,
##.......#
#####..#*
#.≈.≈.≈..###......#
#≈##'##≈..##.##.)#
#
#.@.##.........####
#.#J##..###.......#
#. .##............#
##+#####..........#
, #..........#
#..........#
##..........
#....._)###
#.......#


You could see a jelly.

Vanquished Creatures
  A hornet (D:8)
  Sigmund (D:5)
  2 water moccasins
  2 phantoms
  2 sky beasts
  An ogre (D:8)
  A centaur (D:6)
  Blork the orc (D:5)
  2 bullfrogs (D:6)
  4 howler monkeys
  3 crimson imps
  3 hounds
  5 jellies
  A centaur skeleton (D:6)
  An iguana (D:6)
  Crazy Yiuf (D:5)
  4 worker ants
  3 orc wizards
  A killer bee zombie (D:6)
  A hound skeleton (D:7)
  A worker ant zombie (D:7)
  4 gnolls (D:6)
  A howler monkey skeleton (D:7)
  8 adders
  4 shadow imps
  8 oozes
  An adder zombie (D:3)
  2 worms
  4 leopard geckos
  7 orcs
  7 bats
  4 giant cockroaches
  6 goblins
  6 hobgoblins
  20 jackals
  10 kobolds
  5 quokkas
  A ball python skeleton (D:4)
  4 frilled lizards
  2 leopard gecko skeletons (D:6)
  8 rats
  A fungus (D:4)
  A plant (D:4)
155 creatures vanquished.

Vanquished Creatures (others)
  A human (D:5)
  3 fungi (D:8)
4 creatures vanquished.

Grand Total: 159 creatures vanquished

Notes
Turn   | Place    | Note
-------+----------+-------------------------------------------
     0 | D:1      | Emblim88 the Deep Dwarf Gladiator began the quest for the
                  | Orb.
     0 | D:1      | Reached XP level 1. HP: 19/19 MP: 1/1
   165 | D:1      | Reached XP level 2. HP: 16/26 MP: 2/2
   942 | D:2      | Reached skill level 1 in Armour
  1053 | D:2      | Reached XP level 3. HP: 16/32 MP: 3/3
  1088 | D:2      | Found a hazy altar of Hepliaklqana.
  1186 | D:2      | Found a basalt altar of Yredelemnul.
  1213 | D:2      | Found a stormy altar of Qazlal.
  1301 | D:2      | Reached XP level 4. HP: 27/39 MP: 3/3
  1405 | D:2      | Found a shimmering blue altar of Sif Muna.
  1555 | D:3      | Found a shattered altar of Ashenzari.
  1804 | D:3      | Found a bloodstained altar of Trog.
  1930 | D:3      | Noticed a sky beast
  1940 | D:3      | HP: 2/40 [sky beast (2)]
  1944 | D:3      | Killed a sky beast
  1944 | D:3      | Reached skill level 4 in Dodging
  1944 | D:3      | Reached XP level 5. HP: 22/48 MP: 4/4
  2531 | D:4      | Found Iraxzon's Jewellery Emporium.
  2679 | D:4      | Found a sacrificial altar of Ru.
  2993 | D:4      | Became a worshipper of Ru the Awakened
  3022 | D:5      | Entered Level 5 of the Dungeon
  3036 | D:5      | Found a shimmering altar of Xom.
  3036 | D:5      | Noticed an angel
  3041 | D:5      | Reached XP level 6. HP: 16/56 MP: 5/5
  3043 | D:5      | Found a glowing silver altar of Zin.
  3072 | D:5      | Found an ancient bone altar of Kikubaaqudgha.
  3078 | D:5      | Noticed a human
  3079 | D:5      | Killed a human
  3097 | D:5      | Found Xomuh's Weapon Boutique.
  3099 | D:5      | Noticed Sigmund
  3115 | D:5      | Killed Sigmund
  3115 | D:5      | Reached skill level 5 in Axes
  3115 | D:5      | Reached skill level 5 in Dodging
  3163 | D:5      | Noticed Blork the orc
  3176 | D:5      | Killed Blork the orc
  3176 | D:5      | Reached XP level 7. HP: 24/63 MP: 6/6
  3196 | D:5      | Found Deatocs's General Store.
  3323 | D:5      | Found Wiepoisyi's Antique Armour Emporium.
  3331 | D:5      | Bought a shield for 112 gold pieces
  3426 | D:5      | Found Xoufen's Antique Armour Boutique.
  3479 | D:5      | Found Fotef's Magic Scroll Emporium.
  3635 | D:5      | Found a runed translucent door.
  3636 | D:5      | Noticed Crazy Yiuf
  3644 | D:5      | Killed Crazy Yiuf
  3710 | D:6      | Reached skill level 1 in Shields
  3774 | D:6      | Reached skill level 6 in Dodging
  3774 | D:6      | Reached XP level 8. HP: 44/73 MP: 7/7
  3935 | D:6      | Gained mutation: You cannot be stealthy. [Ru sacrifice]
  4047 | D:6      | Reached skill level 5 in Armour
  4060 | D:6      | Gained mutation: You are resistant to hostile enchantments.
                  | (MR+) [potion of mutation]
  4060 | D:6      | Gained mutation: You are surrounded by a mild repulsion
                  | field. (EV +2) [potion of mutation]
  4060 | D:6      | Gained mutation: You are highly resistant to hostile
                  | enchantments. (MR++) [potion of mutation]
  4361 | D:6      | Found a white marble altar of Elyvilon.
  4363 | D:6      | Found a bloodstained altar of Trog.
  4849 | D:7      | Reached skill level 5 in Fighting
  4878 | D:7      | Found a staircase to the Ecumenical Temple.
  5244 | D:7      | Reached skill level 1 in Evocations
  5561 | D:8      | Found a snail-covered altar of Cheibriados.
  5561 | D:8      | Noticed a hornet
  5568 | D:8      | Paralysed by a hornet for 3 turns
  5583 | D:8      | Gained mutation: You passively map the area around you.
                  | [Deep Dwarf growth]
  5583 | D:8      | Reached XP level 9. HP: 38/81 MP: 8/8
  5644 | D:8      | Reached skill level 7 in Dodging
  5746 | D:8      | HP: 3/81 [acid (3)]
  5751 | D:8      | HP: 3/81 [acid (1)]
  5752 | D:8      | Splashed by a jelly's acid

Levels and vault maps discovered:
D:1:      dpeg_arrival_rooms_b, layout_basic, minmay_door_square
D:2:      layout_rooms, lemuel_blue_sif_altar, lemuel_crystal_altar,
          nicolae_overflow_crystal_walls, marbit_many_paths
D:3:      layout_loops_ring, nicolae_ashenzari_panopticon,
          trog_three_pillars_becter
D:4:      layout_loops_ring, nicolae_ru_the_path_less_chosen, serial_shops,
          nicolae_shop_trees
D:5:      layout_basic, grunt_temple_overflow_order_and_chaos_1, serial_shops,
          kennysheep_little_box, shop, shop, nicolae_shop_overgrown_old_shop,
          nicolae_shop_stone, first_ration, tgw_kikubaaqudgha,
          uniq_blork_the_orc, uniq_sigmund, uniq_crazy_yiuf_cottage
D:6:      layout_layer_cave, chequers_temple_overflow_statue_of_worship
D:7:      layout_loops_ring, minmay_temple_entry_arrows
D:8:      layout_basic, cheibriados_altar_1, due_lair_maze_entry_diamond,
          hangedman_little_slice_of_home

Skill      XL: |  1  2  3  4  5  6  7  8  9 |
---------------+----------------------------+-----
Throwing       | 2 |  2.3
Fighting       | 2 3 4 5 |  5.4
Armour         | 1 2 3 4 5 6 |  6.1
Axes           | 4 5 6 |  6.8
Dodging        | 4 5 6 7 |  7.0
Shields        | 1 3 |  3.7
Evocations     | 2 3 |  3.5

Action                   |  1- 3 |  4- 6 |  7- 9 || total
-------------------------+-------+-------+-------++-------
Melee: War axe           |   104 |   123 |       ||   227
       Scythe            |       |    24 |     2 ||    26
       Hand axe          |       |       |   431 ||   431
Invok: Sacrifice Stealth |       |       |     1 ||     1
 Abil: Heal Wounds       |     1 |     3 |    16 ||    20
  Use: Scroll            |       |    12 |     4 ||    16
       Potion            |       |     2 |     9 ||    11
  Eat: Chunk             |     1 |     1 |     3 ||     5
       Ration            |       |     2 |     1 ||     3
Armor: Leather armour    |    24 |    19 |     4 ||    47
       Robe              |       |       |    39 ||    39
       Chain mail        |       |       |    71 ||    71
Dodge: Dodged            |    95 |   111 |   244 ||   450
Block: Shield            |       |       |   188 ||   188
